 Dungeon Crawl Stone Soup version 0.20.1-1-g8b1a95d (console) character file.

1021 hilaritas the Cleaver (level 8, -2/58 HPs)
             Began as a Formicid Fighter on Aug 9, 2017.
             Slain by an ogre
             ... wielding a +0 giant club
              (10 damage)
             ... on level 4 of the Dungeon.
             The game lasted 00:10:27 (3971 turns).

hilaritas the Cleaver (Formicid Fighter)            Turns: 3971, Time: 00:10:27

Health: -2/58      AC: 12    Str: 24    XL:     8   Next: 46%
Magic:  8/8        EV:  5    Int:  9    God:
Gold:   234        SH: 11    Dex: 10    Spells: 7/7 levels left

rFire    . . .     SeeInvis +   a - +1 war axe
rCold    . . .     Gourm    .   c - +1 shield
rNeg     . . .     Faith    .   j - +0 plate armour (curse)
rPois    .         Spirit   .   (helmet unavailable)
rElec    +         Reflect  .   (no cloak)
rCorr    .         Harm     .   u - +0 pair of gloves
MR       .....                  (no boots)
Stlth    ..........             (no amulet)
Regen    0.2/turn               (no ring)
MPRegen  0.2/turn               (no ring)

@: no status effects
A: permanent stasis, dig shafts and tunnels, four strong arms, antennae 3,
electricity resistance, strong 1
a: Dig, Shaft Self


You were on level 4 of the Dungeon.
You were hungry.

You visited 1 branch of the dungeon, and saw 4 of its levels.

You collected 234 gold pieces.

Inventory:

Hand Weapons
 a - a +1 war axe (weapon)
 b - a -2 war axe
 i - a +0 mace
 p - a -1 hand axe
Missiles
 m - 3 tomahawks (quivered)
Armour
 c - a +1 shield (worn)
 j - a cursed +0 plate armour (worn)
 u - a +0 pair of gloves (worn)
Jewellery
 e - a +3 ring of intelligence
 k - an uncursed ring of resist corrosion
Wands
 d - a wand of random effects (13/48)
Scrolls
 h - 5 scrolls of identify
 q - 3 scrolls of fog
 s - a scroll of remove curse
 w - a scroll of magic mapping
 y - 3 scrolls of enchant weapon
Potions
 n - 2 potions of curing
 r - a potion of flight
 t - a potion of brilliance
 x - a potion of magic
Comestibles
 f - 3 bread rations
 g - a chunk of flesh
 l - a fruit
 o - 2 royal jellies


   Skills:
 - Level 3.2 Fighting
 * Level 8.4 Axes
 - Level 3.2 Armour
 + Level 6.5 Shields


You had 7 spell levels left.
You didn't know any spells.

Dungeon Overview and Level Annotations

Branches:
Dungeon (4/15)
 Temple: D:4-7

Altars:


Innate Abilities, Weirdness & Mutations

You cannot be hasted, slowed, berserked, paralysed or teleported.
You can dig through walls and to a lower floor.
Your four strong arms can wield two-handed weapons with a shield.
You have a pair of large antennae on your head. (SInv)
You are resistant to electric shocks. (rElec)
Your muscles are strong. (Str +2)


Message History

You hit the ogre.
The ogre is lightly wounded.
You block the ogre's attack.
You are feeling hungry.
You slash the ogre!
The ogre is moderately wounded.
You hit the ogre.
The ogre is heavily wounded.
The ogre hits you with a giant club!
You hit the ogre.
The ogre is heavily wounded.
The ogre hits you with a giant club!!
* * * LOW HITPOINT WARNING * * *
You hit the ogre.
The ogre is heavily wounded.
The ogre hits you but does no damage.
You hit the ogre.
The ogre is heavily wounded.
The ogre hits you with a giant club!
You die...

.........##
..........# ..(.
..........# ...
...........# ..#
...........# (.#
...........##
##..#
.......<....# #..#
............#
##O.#
............###.@#
.................#
...........#.....#
.......>...###)[##
..[....(...# ##..#
#..........# ##)#
#####.....## #.#
##...## #.. ####
#..## ##..


You could see an ogre.

Vanquished Creatures
  Sigmund (D:2)
  Eustachio (D:4)
  Menkaure (D:4)
  The ghost of ThereIsNoGod the Digger, an amateur SpEE (D:4)
  A phantom (D:4)
  A scorpion (D:4)
  A hound (D:3)
  2 orc wizards
  2 worker ants (D:4)
  14 adders
  2 worms
  4 dart slugs
  4 leopard geckos
  8 orcs
  4 ball pythons (D:3)
  5 giant cockroaches
  13 goblins
  8 hobgoblins
  7 jackals
  6 kobolds
  3 quokkas
  7 bats
  3 frilled lizards (D:2)
  5 rats
  2 fungi (D:2)
106 creatures vanquished.

Notes
Turn   | Place    | Note
-------+----------+-------------------------------------------
     0 | D:1      | hilaritas the Formicid Fighter began the quest for the Orb.
     0 | D:1      | Reached XP level 1. HP: 18/18 MP: 1/1
   339 | D:1      | Reached XP level 2. HP: 23/24 MP: 2/2
   763 | D:1      | Reached XP level 3. HP: 29/29 MP: 3/3
  1002 | D:2      | Reached skill level 3 in Axes
  1200 | D:2      | Noticed Sigmund
  1211 | D:2      | Killed Sigmund
  1211 | D:2      | Reached skill level 4 in Axes
  1211 | D:2      | Reached XP level 4. HP: 25/35 MP: 4/4
  1211 | D:2      | Reached XP level 5. HP: 29/41 MP: 5/5
  1299 | D:2      | Reached skill level 5 in Shields
  1302 | D:2      | Reached XP level 6. HP: 28/47 MP: 6/6
  1320 | D:2      | Reached skill level 5 in Axes
  2792 | D:3      | Reached skill level 6 in Axes
  2864 | D:3      | Reached XP level 7. HP: 43/52 MP: 7/7
  3261 | D:4      | Noticed Eustachio
  3291 | D:4      | Killed Eustachio
  3291 | D:4      | Reached skill level 7 in Axes
  3309 | D:4      | Noticed ThereIsNoGod's ghost (amateur SpEE)
  3315 | D:4      | Gained mutation: Your muscles are strong. (Str +2) [potion of mutation]
  3315 | D:4      | Gained mutation: You are resistant to electric shocks. (rElec) [potion of mutation]
  3336 | D:4      | Killed ThereIsNoGod's ghost
  3336 | D:4      | Reached XP level 8. HP: 44/58 MP: 8/8
  3907 | D:4      | Noticed Menkaure
  3910 | D:4      | Killed Menkaure
  3910 | D:4      | Reached skill level 8 in Axes
  3971 | D:4      | Slain by an ogre

Skill      XL: |  1  2  3  4  5  6  7  8 |
---------------+-------------------------+-----
Shields        | 4 5 6 |  6.5
Axes           | 4 6 7 8 |  8.4
Fighting       | |  3.2
Armour         | |  3.2

Action                   |  1- 3 |  4- 6 |  7- 9 || total
-------------------------+-------+-------+-------++-------
Melee: War axe           |    66 |   134 |   129 ||   329
       Hand axe          |    25 |    57 |       ||    82
Throw: Tomahawk          |       |       |     2 ||     2
  Use: Scroll            |     4 |     2 |     6 ||    12
       Potion            |     1 |       |     5 ||     6
  Eat: Chunk             |     1 |     6 |     3 ||    10
Armor: Scale mail        |    53 |       |       ||    53
       Chain mail        |       |   118 |    57 ||   175
       Plate armour      |       |       |    22 ||    22
Dodge: Dodged            |    31 |    53 |    23 ||   107
Block: Shield            |    62 |   117 |    86 ||   265
